 Dungeon Crawl Stone Soup version 0.32-a0-473-gd044c6f0f0 (webtiles) character file.

Game seed: 17967594637992294340

8628 ryw the Martial Artist (level 11, -6/121 HPs)
             Began as a Demonspawn Monk on Feb 25, 2024.
             Was a Priest of Dithmenos.
             Mangled by Grum
             ... wielding a -2 halberd
              (15 damage)
             ... on level 9 of the Dungeon on Feb 26, 2024.
             The game lasted 00:23:32 (11651 turns).

ryw the Martial Artist (Demonspawn Monk)           Turns: 11651, Time: 00:23:33

Health: -6/121     AC: 25    Str: 13    XL:     11   Next: 12%
Magic:  11/11      EV:  2    Int: 10    God:    Dithmenos [***...]
Gold:   470        SH:  0    Dex: 19    Spells: 10/10 levels left

rFire   . .          .
                       - Unarmed
rCold   . . .        (no shield)
rNeg    + . .        a - melded +0 robe
rPois   +            r - melded +0 helmet
rElec   .            g - melded scarf {rC+ rF+}
rCorr   .            (gloves currently unavailable)
SInv    .            d - melded +1 pair of boots
Will    .....        (no amulet)
Stlth   ++++         n - ring of positive energy
HPRegen 0.40/turn    p - ring of poison resistance
MPRegen 0.12/turn

%: no passive effects
@: tree-form, wreathed by umbra
A: stationary, stasis, torment immunity, boosted hp, (claws 2), foul stench 2,
foul shadow 2
a: Renounce Religion, Shadow Step


You were on level 9 of the Dungeon.
You worshipped Dithmenos.
Dithmenos was most pleased with you.
You were a tree.
You visited 2 branches of the dungeon, and saw 10 of its levels.
You also visited: Bailey.

You collected 470 gold pieces.

Inventory:

Missiles
 e - 10 poisoned darts
 i - a throwing net
 y - 4 boomerangs
 B - a javelin (quivered)
Armour
 a - a +0 robe (melded)
 d - a +1 pair of boots (melded)
 g - a scarf of resistance (melded)
 r - a +0 helmet (melded)
Jewellery
 n - a ring of positive energy (left branch)
 o - a ring of positive energy
 p - a ring of poison resistance (right branch)
 A - a ring of ice
 E - a ring of see invisible
Wands
 k - a wand of flame (26)
 w - a wand of paralysis (12)
 D - a wand of roots (8)
Scrolls
 b - 2 scrolls of blinking
 h - 6 scrolls of immolation
 l - 3 scrolls of enchant weapon
 s - 4 scrolls of teleportation
 t - a scroll of fog
 x - a scroll of poison
Potions
 c - a potion of lignification
 f - 2 potions of mutation
 j - 2 potions of magic {unknown}
 m - a potion of might {unknown}
 u - a potion of brilliance {unknown}
 v - a potion of resistance {unknown}
 z - a potion of curing
 C - a potion of enlightenment {unknown}


   Skills:
 - Level 6.0 Fighting
 - Level 3.0 Throwing
 - Level 5.0 Dodging
 - Level 5.0 Stealth
 * Level 13.6 Unarmed Combat


You had 10 spell levels left.
You didn't know any spells.
Your spell library contained the following spells:

 Spells                   Type           Power      Damage    Failure   Level
 Magic Dart               Conj           0%         1d3       36%         1
 Blink                    Tloc           0%         N/A       50%         2
 Call Imp                 Summ           0%         N/A       50%         2
 Searing Ray              Conj           0%         2d4       50%         2
 Fulminant Prism          Conj/Alch      0%         3d5       98%         4


Dungeon Overview and Level Annotations

Branches:
Dungeon (9/15)             Temple (1/1) D:4            Lair (0/5) D:8
 Bailey (visited)
    Orc: D:9-12

Altars:
Ashenzari
Cheibriados
Dithmenos
Fedhas
Gozag
Hepliaklqana
Kikubaaqudgha
Makhleb
Nemelex Xobeh
Okawaru
Qazlal
Ru
Sif Muna
Trog
Uskayaw
Vehumet
Wu Jian
Xom
Yredelemnul

Shops:
D:1 !

Annotations:
D:5 1 runed translucent door, Crazy Yiuf
D:9 Grum


Innate Abilities, Weirdness & Mutations

You are a tree.
Your roots penetrate the ground, keeping you stationary.
You cannot be teleported.
You are immune to unholy pain and torment.
Your maximum health is greatly increased.
Your equipment is partially melded.
((You have very sharp fingernails.))
You sometimes emit foul miasma when damaged in melee.
You are shadowed, sometimes releasing foul flame when damaged in melee.


Message History

You kill the wolf!
Dithmenos accepts your kill. Grum hits you but does no damage.
You cannot move.
Unknown command.
Throw: 6 javelins
Press: ? - help, Q - select action, (/) - cycle Shift-Dir - straight line, f - Grum
Aim: Grum, wielding a -2 halberd and wearing a +0 animal skin (lightly wounded, umbra, 66% to hit)
You throw a javelin. The javelin barely misses Grum.
You hear a splash.
Grum hits you from afar with a -2 halberd!
* * * LOW HITPOINT WARNING * * *
Throw: 5 javelins
Press: ? - help, Q - select action, (/) - cycle Shift-Dir - straight line, f/p - Grum
Aim: Grum, wielding a -2 halberd and wearing a +0 animal skin (lightly wounded, umbra, 66% to hit)
You throw a javelin. The javelin barely misses Grum.
You hear a splash.
Grum hits you but does no damage. x2
Throw: 4 javelins
Press: ? - help, Q - select action, (/) - cycle Shift-Dir - straight line, f/p - Grum
Aim: Grum, wielding a -2 halberd and wearing a +0 animal skin (lightly wounded, umbra, 66% to hit)
You throw a javelin.
The javelin pierces through Grum but does no damage.
Grum is lightly wounded.
You hear a splash.
Grum hits you but does no damage.
Throw: 3 javelins
Press: ? - help, Q - select action, (/) - cycle Shift-Dir - straight line, f/p - Grum
Aim: Grum, wielding a -2 halberd and wearing a +0 animal skin (lightly wounded, umbra, 66% to hit)
You throw a javelin. The javelin pierces through Grum!
Grum is moderately wounded.
You hear a splash.
Grum hits you but does no damage.
Throw: 2 javelins
Press: ? - help, Q - select action, (/) - cycle Shift-Dir - straight line, f/p - Grum
Aim: Grum, wielding a -2 halberd and wearing a +0 animal skin (moderately wounded, umbra, 66% to hit)
You throw a javelin. The javelin barely misses Grum.
You hear a splash.
Grum hits you from afar with a -2 halberd!
You die...

#...##~~~~~~~~~
#......~~~~~~~~
#####.......~~~~~~~
.............~~~~....
#######.#####.~~~.##.
#.##....~~~~##.
#.##.##~~~~~~#.
######.##.#~~~~~~~~.
#..♣†g....(~~~~~~~~~
######.##~~~~~~~~~~~
#<.~~~~~~~~~~~~
#.##~~h~~~~~~~~
#..~~~~~~~~~~~~
####~~~~~~~~~~#
##~~~~~~~†##
######~~~~~~...
#.........~##.#


You could see Grum.

Vanquished Creatures
  Pikel (D:5)
  A rime drake (D:8)
  4 kobold demonologists (D:8)
  Psyche (D:7)
  A polar bear (D:8)
  Sigmund (D:5)
  A vampire (D:8)
  A wraith (D:8)
  5 yaks (D:9)
  3 humans
  A steam dragon (D:7)
  Menkaure (D:5)
  An acid dragon (D:9)
  A water moccasin (D:5)
  An orc warrior (D:6)
  7 ice beasts
  A sky beast (D:6)
  3 centaurs
  6 wolves
  2 phantoms (D:5)
  4 lemures
  2 kobold brigands (D:8)
  3 bullfrogs
  A gnoll sergeant (D:8)
  2 scorpions (D:5)
  19 wights
  3 electric eels (D:9)
  4 howler monkeys
  A bombardier beetle (D:5)
  2 jellies
  5 orc priests
  5 hounds
  2 iguanas
  A sleepcap (D:4)
  5 orc wizards
  11 adders
  9 gnolls
  A shadow imp (D:6)
  A white imp (D:4)
  A ribbon worm (D:2)
  6 dart slugs
  18 orcs
  7 endoplasms
  A giant cockroach (D:1)
  4 hobgoblins
  3 jackals
  16 kobolds
  2 quokkas
  8 ball pythons
  6 bats
  2 frilled lizards
  5 goblins
  7 rats
210 creatures vanquished.

Vanquished Creatures (others)
  An orc (D:9)
1 creature vanquished.

Grand Total: 211 creatures vanquished

Notes
Turn   | Place    | Note
-------+----------+-------------------------------------------
     0 | D:1      | ryw the Demonspawn Monk began the quest for the Orb.
     0 | D:1      | Reached XP level 1. HP: 18/18 MP: 1/1
    96 | D:1      | Found Ecuf's Distillery.
   191 | D:1      | Gained mutation: You may rarely emit foul miasma when
                  | damaged in melee. [demonic ancestry]
   191 | D:1      | Reached XP level 2. HP: 24/24 MP: 2/2
   422 | D:1      | Found a faded altar of an unknown god.
   713 | D:1      | Reached XP level 3. HP: 29/29 MP: 3/3
  1469 | D:2      | Gained mutation: You have sharp fingernails. [demonic
                  | ancestry]
  1469 | D:2      | Reached XP level 4. HP: 32/37 MP: 4/4
  2247 | D:3      | Reached skill level 3 in Unarmed Combat
  2689 | D:4      | Gained mutation: You sometimes emit foul miasma when
                  | damaged in melee. [demonic ancestry]
  2689 | D:4      | Reached XP level 5. HP: 39/43 MP: 5/5
  2820 | D:4      | Found a staircase to the Ecumenical Temple.
  3028 | D:4      | Found an ornate altar of the Wu Jian Council.
  3039 | D:4      | Found a basalt altar of Yredelemnul.
  3721 | D:5      | Entered Level 5 of the Dungeon
  3750 | D:5      | Reached skill level 4 in Unarmed Combat
  3759 | D:5      | Reached XP level 6. HP: 41/50 MP: 6/6
  3777 | D:5      | Reached skill level 5 in Fighting
  3785 | D:5      | Reached skill level 5 in Unarmed Combat
  3901 | D:5      | Noticed Menkaure
  3938 | D:5      | Killed Menkaure
  3939 | D:5      | Reached skill level 6 in Unarmed Combat
  3939 | D:5      | Gained mutation: You are faintly shadowed, very rarely
                  | releasing foul flame when damaged in melee. [demonic
                  | ancestry]
  3939 | D:5      | Reached XP level 7. HP: 52/56 MP: 7/7
  3997 | D:5      | Noticed Sigmund
  4027 | D:5      | Killed Sigmund
  4102 | D:5      | Noticed Pikel
  4236 | D:6      | Reached skill level 7 in Unarmed Combat
  4645 | D:5      | Found an ancient bone altar of Kikubaaqudgha.
  4895 | D:5      | Gained mutation: You are shadowed, sometimes releasing foul
                  | flame when damaged in melee. [demonic ancestry]
  4895 | D:5      | Reached XP level 8. HP: 58/62 MP: 8/8
  5122 | D:5      | Reached skill level 8 in Unarmed Combat
  5216 | D:5      | Killed Pikel
  5217 | D:5      | Reached skill level 9 in Unarmed Combat
  5428 | D:5      | Found a runed translucent door.
  5429 | D:5      | Noticed Crazy Yiuf
  6431 | D:6      | Found a broken altar of Ashenzari.
  6495 | D:5      | Reached skill level 10 in Unarmed Combat
  6495 | D:5      | Reached XP level 9. HP: 59/68 MP: 9/9
  6562 | D:6      | Found an iron altar of Okawaru.
  6566 | D:6      | Found a bloodstained altar of Trog.
  6635 | D:6      | Reached skill level 1 in Stealth
  7555 | Temple   | Entered the Ecumenical Temple
  7584 | Temple   | Became a worshipper of Dithmenos the Shadowed
  7584 | Temple   | Reached * piety under Dithmenos
  7584 | Temple   | Reached ** piety under Dithmenos
  7818 | D:7      | Found a flagged portal.
  7840 | Bailey   | Entered a bailey
  8235 | D:7      | Found a burning altar of Makhleb.
  8351 | D:7      | Reached skill level 5 in Dodging
  8756 | D:7      | Reached skill level 1 in Throwing
  8843 | D:8      | Reached skill level 11 in Unarmed Combat
  8870 | D:8      | Noticed a rime drake
  8877 | D:8      | Killed a rime drake
  8882 | D:8      | Gained mutation: You have very sharp fingernails. [demonic
                  | ancestry]
  8882 | D:8      | Reached XP level 10. HP: 46/76 MP: 10/10
  9195 | D:8      | Found a staircase to the Lair.
  9195 | D:8      | Noticed Psyche
  9367 | D:7      | Killed Psyche
  9530 | D:8      | Identified the +7 rapier of Foul Odours {freeze, Fly Int-5
                  | Dex+5}
  9538 | D:8      | Noticed a sixfirhy
  9662 | D:8      | Found a radiant altar of Vehumet.
  9711 | D:8      | Reached skill level 5 in Stealth
  9729 | D:8      | Reached skill level 12 in Unarmed Combat
  9732 | D:8      | Reached *** piety under Dithmenos
 10151 | D:8      | Noticed an orange demon
 10154 | D:8      | Noticed a rust devil
 10428 | D:9      | Reached skill level 13 in Unarmed Combat
 11122 | D:9      | Reached XP level 11. HP: 22/81 MP: 11/11
 11626 | D:9      | Noticed Grum
 11651 | D:9      | Mangled by Grum

Illustrated notes

Levels and vault maps discovered:
D:1:      wander_arrival_peaceful_grave, layout_loops_corners,
          hellmonk_ecumenical_altar_blasted, serial_shops, nicolae_diamond_shop
D:2:      layout_loops_ring, serial_forest, infiniplex_forest_lined_4_way,
          infiniplex_forest_clump_small, infiniplex_forest_end_2,
          infiniplex_forest_end_2, infiniplex_forest_straight_5
D:3:      layout_rooms, dk_vineyard_3
D:4:      layout_loops_corners, zin_academy,
          mainiacjoe_overflow_large_starburst, minmay_temple_entry_trees
D:5:      layout_loops_ring, kiku_gazebo_garden_becter, st_stairs_3,
          uniq_sigmund, uniq_pikel, uniq_menkaure, uniq_crazy_yiuf_cottage
D:6:      layout_rooms, nicolae_ashenzari_panopticon,
          nicolae_overflow_hidden_temple
D:7:      layout_loops_ring, mainiacjoe_overflow_tiny_flanked, enter_bailey_4
D:8:      layout_basic, mainiacjoe_overflow_boulevard, hellmonk_lair_entry_icy,
          serial_library_regret_index_headful, uniq_psyche
D:9:      layout_basic, serial_shops, nicolae_shop_crystal, uniq_grum
Temple:   compressed_dpeg_triangle_lava_temple

Skill      XL: |  1  2  3  4  5  6  7  8  9 10 |
---------------+-------------------------------+-----
Dodging        | 3 4 5 |  5.0
Fighting       | 4 5 6 |  6.0
Unarmed Combat | 3 4 6 7 10 11 13 | 13.6
Stealth        | 3 5 |  5.0
Throwing       | 1 3 |  3.0

Action                     |  1- 3 |  4- 6 |  7- 9 | 10-12 || total
---------------------------+-------+-------+-------+-------++-------
  Melee: Unarmed           |   145 |   189 |   314 |   202 ||   850
         Punch             |       |       |    11 |    11 ||    22
  Throw: Throwing net      |       |     1 |     3 |       ||     4
         Javelin           |       |       |       |     5 ||     5
    Use: Scroll            |     2 |     8 |     7 |       ||    17
         Potion            |       |     2 |     6 |     2 ||    10
   Stab: Held in net/web   |       |     2 |       |       ||     2
         Sleeping          |       |       |     3 |     6 ||     9
         Distracted        |       |       |       |     1 ||     1
 Armour: Robe              |    68 |    80 |   140 |   121 ||   409
         Skin              |       |       |       |    12 ||    12
  Dodge: Dodged            |    98 |   125 |   197 |   172 ||   592

Table legend: (Time is in decaauts)
 A = Elapsed time spent in this place.
 B = Non-inter-level travel time spent in this place.
 C = Inter-level travel time spent in this place.
 D = Time resting spent in this place.
 E = Time spent auto-exploring this place.
 F = Levels seen in this place.
 G = Mean time per level.
                   A        B        C        D        E       F      G
               +--------+--------+--------+--------+--------+-----+--------+
         Total |  11589 |  10973 |    616 |   2869 |   5886 |  11 | 1053.5 |
       Dungeon |  11418 |  10814 |    604 |   2790 |   5884 |   9 | 1268.7 |
        Temple |     43 |     31 |     12 |      0 |      0 |   1 |   43.0 |
        Bailey |    127 |    127 |      0 |     79 |      2 |   1 |  127.0 |
               +--------+--------+--------+--------+--------+-----+--------+

Top non-repeatable levels by time:
     D:5: 2407 daAuts
     D:8: 1556 daAuts
     D:4: 1355 daAuts
     D:6: 1316 daAuts
     D:7: 1209 daAuts
     D:1: 1049 daAuts
     D:9: 986 daAuts
     D:2: 942 daAuts
     D:3: 595 daAuts
  Bailey: 127 daAuts
  Temple: 43 daAuts
